AoeStats
← Cinnamoroll

African Clearing

506000748Analyzed
4v4 RM · 20d ago on Sep 12, 2026· 43m 54s· 8 players
Game mode
Random Map
Map size
Large (8 player)
Population
200
Speed
Normal
Resources
Standard
Victory
Conquest
Starting age
Dark Age
Ending age
Imperial Age
RankedLock teamsTeams togetherTeam positionsShared explorationLock speedFull tech treeHidden civsTurbo modeCheats
Victory
Defeat
🇬🇪 Huns · Georgia
1600
+14
🇨🇳 Koreans · China
1520
+17
🇬🇧 Cumans · United Kingdom
1514
+18
🇨🇦 Spanish · Canada
1510
+18
🇨🇿 Mongols · Czechia
1570
-17
🇲🇽 Burmese · Mexico
1556
-17
🇸🇻 Celts · El Salvador
1552
-17
🇺🇸 Huns · United States
1533
-16
Bananaman651
13:51 Feudal Age
13:54 Loom
18:22 Castle Age
17:08 Double-Bit Axe
17:31 Scale Barding Armor
17:37 Forging
17:19 Gold Mining
18:44 Bloodlines
19:42 Bow Saw
20:24 Iron Casting
22:43 Wheelbarrow
22:53 Husbandry
23:07 Horse Collar
27:34 Hand Cart
30:00 Stone Mining
30:37 Town Watch
36:51 Fletching
38:45 Padded Archer Armor
38:56 Elite Skirmisher
42:34 Imperial Age
41:36 Bodkin Arrow
41:57 Leather Archer Armor
RohanAoE
3:36 Loom
13:49 Feudal Age
15:14 Double-Bit Axe
17:50 Castle Age
15:39 Horse Collar
16:20 Gold Mining
19:00 Bow Saw
19:54 Town Watch
20:45 Wheelbarrow
24:20 Ballistics
38:37 Imperial Age
38:22 Pikeman
38:58 Halberdier
40:09 Hand Cart
41:22 Scale Mail Armor
41:33 Forging
42:04 Capped Ram
43:13 Fletching
43:39 Chain Mail Armor
[KOF] santander
4:55 Loom
12:23 Feudal Age
17:16 Castle Age
17:29 Town Watch
18:20 Wheelbarrow
27:12 Horse Collar
31:31 Devotion
32:33 Gold Mining
33:51 Hand Cart
36:36 Imperial Age
34:40 Bloodlines
34:31 Husbandry
35:45 Padded Archer Armor
38:12 Conscription
38:38 Gold Shaft Mining
39:07 Elite Arambai
40:42 Parthian Tactics
42:36 Faith
42:48 Scale Barding Armor
42:54 Forging
43:10 Ballistics
43:50 Chemistry
42:57 Siege Engineers
43:13 Fletching
machpatel
5:46 Loom
12:21 Feudal Age
Cinnamoroll
12:40 Loom
16:05 Feudal Age
20:27 Castle Age
18:16 Double-Bit Axe
18:37 Fishing Lines
20:05 Horse Collar
20:22 Gold Mining
21:26 Bow Saw
21:36 Gillnets
22:21 Sanctity
22:12 Fervor
23:24 Husbandry
23:33 Heavy Plow
24:02 Redemption
25:10 Scale Barding Armor
25:22 Stone Mining
26:43 Wheelbarrow
25:54 Town Watch
27:02 Scale Barding Armor
29:16 Chain Barding Armor
33:26 Hand Cart
34:05 Fletching
34:21 Town Patrol
39:03 Imperial Age
36:35 Inquisition
36:58 Bodkin Arrow
38:44 Ballistics
40:00 Block Printing
40:21 Theocracy
40:11 Illumination
40:12 Supremacy
40:13 Conscription
40:35 Bracer
42:03 Plate Barding Armor
41:45 Masonry
42:36 Chemistry
42:44 Hoardings
Frankie Fast Hands
9:06 Loom
11:26 Feudal Age
13:22 Double-Bit Axe
17:06 Wheelbarrow
21:43 Castle Age
21:21 Scale Barding Armor
21:40 Bloodlines
26:03 Chain Barding Armor
28:48 Forging
32:35 Fletching
36:54 Bow Saw
39:59 Imperial Age
38:16 Horse Collar
39:06 Gold Mining
40:07 Cavalier
41:29 Plate Barding Armor
43:04 Iron Casting
45:19 Blast Furnace
chenst2020
6:28 Loom
15:35 Feudal Age
19:17 Castle Age
17:51 Stone Mining
17:57 Gold Mining
21:40 Wheelbarrow
27:51 Fletching
32:59 Hand Cart
33:31 Double-Bit Axe
35:55 Bodkin Arrow
36:50 Stone Shaft Mining
37:12 Eupseong
39:20 Ballistics
39:14 Bow Saw
44:50 Imperial Age
43:28 Thumb Ring
44:33 Gold Shaft Mining
[TMG] purple
9:47 Loom
12:20 Feudal Age
12:50 Double-Bit Axe
14:49 Forging
19:10 Scale Barding Armor
24:34 Castle Age
23:27 Fletching
24:30 Padded Archer Armor
24:41 Bloodlines
25:15 Bodkin Arrow
25:58 Bow Saw
27:04 Husbandry
27:46 Gold Mining
29:04 Ballistics
28:54 Horse Collar
39:00 Thumb Ring
43:32 Wheelbarrow
42:43 Town Watch
43:38 Gold Shaft Mining
Connection lost

Rejoining the realm…

Still unreachable

The connection could not be restored.

Session expired

The server has moved on; the page needs a fresh start.